 Dungeon Crawl Stone Soup version 0.30.0-3-ga4e48a9924 (webtiles) character file.

Game seed: 16476009822458434267

354 SnakkuSnakku7 the Changer (level 6, -4/47 HPs)
             Began as a Merfolk Reaver on May 7, 2023.
             Killed by divine providence
             ... invoked by an orc priest
              (15 damage)
             ... on level 5 of the Dungeon.
             The game lasted 00:05:28 (3264 turns).

SnakkuSnakku7 the Changer (Merfolk Reaver)          Turns: 3264, Time: 00:05:29

Health: -4/47      AC:  5    Str: 12    XL:     6   Next: 62%
Magic:  9/9        EV: 12    Int: 12    God:
Gold:   172        SH:  0    Dex: 15    Spells: 7/9 levels left

rFire   . . .        a - +0 falchion
rCold   . . .        (no shield)
rNeg    . . .        o - +2 leather armour {Will+}
rPois   .            h - melded +0 helmet
rElec   .            (no cloak)
rCorr   .            (no gloves)
SInv    .            (boots currently unavailable)
Will    +....        (no amulet)
Stlth   +            (no ring)
HPRegen 0.27/turn    (no ring)
MPRegen 0.11/turn

%: no passive effects
@: appendages
A: horns 2, (nimble swimmer 2), mertail
a: End Transformation


You were on level 5 of the Dungeon.
You had temporarily grown beastly horns.
You visited 1 branch of the dungeon, and saw 5 of its levels.

You collected 172 gold pieces.

Inventory:

Hand Weapons
 a - a +0 falchion (weapon)
Missiles
 i - 4 poisoned darts
Armour
 h - a +0 helmet (melded)
 o - a +2 leather armour of willpower (worn)
Scrolls
 b - 4 scrolls of fear {unknown}
 d - 2 scrolls of identify {unknown}
 e - 2 scrolls of vulnerability {unknown}
 j - 3 scrolls of fog {unknown}
 l - 2 scrolls of magic mapping {unknown}
 n - a scroll of enchant armour {unknown}
 p - 2 scrolls of teleportation {unknown}
 s - a scroll of poison {unknown}
Potions
 c - 2 potions of heal wounds {unknown}
 f - a potion of flight {unknown}
 g - a potion of mutation {unknown}
 k - 3 potions of curing {unknown}
 m - a potion of haste {unknown}
 q - a potion of cancellation {unknown}
 r - a potion of brilliance {unknown}


   Skills:
 - Level 3.2 Fighting
 - Level 4.4 Long Blades
 - Level 2.6 Dodging
 + Level 4.2 Unarmed Combat
 - Level 2.0 Spellcasting
 - Level 2.4 Conjurations
 + Level 5.1 Transmutations


You had 7 spell levels left.
You knew the following spells:

 Your Spells              Type           Power      Damage    Failure   Level
a - Beastly Appendage     Tmut           26%        N/A       4%          1
b - Kiss of Death         Conj/Necr      16%        2d6       22%         1

Your spell library contained the following spells:

 Spells                   Type           Power      Damage    Failure   Level
 Wereblood                Tmut           13%        N/A       6%          2
 Sting                    Tmut/Pois      28%        1d4       12%         1
 Momentum Strike          Conj/Tloc      8%         3d8       32%         2
 Spider Form              Tmut/Pois      7%         N/A       36%         3
 Cigotuvi's Dreadful Rot  Necr/Pois/Air  2%         N/A       45%         2
 Lesser Beckoning         Tloc           2%         N/A       45%         2
 Poisonous Vapours        Pois/Air       2%         N/A       45%         2
 Ignite Poison            Fire/Tmut/Pois 5%         N/A       45%         3
 Hailstorm                Conj/Ice       4%         3d4       54%         3
 Gell's Gravitas          Tloc           1%         N/A       71%         3
 Ozocubu's Armour         Ice            1%         N/A       71%         3
 Teleport Other           Tloc           1%         N/A       71%         3
 Vhi's Electric Charge    Tloc/Air       2%         N/A       71%         3
 Olgreb's Toxic Radiance  Pois           1%         N/A       98%         4
 Arcjolt                  Conj/Air       2%         1d12      99%         5
 Freezing Cloud           Conj/Ice/Air   1%         6-21      100%        5
 Dispersal                Tloc           0%         N/A       100%        6
 Plasma Beam              Fire/Air       0%         2x1d11    100%        6
 Ozocubu's Refrigeration  Ice            0%         4d7       100%        7


Dungeon Overview and Level Annotations

Branches:
Dungeon (5/15)
 Temple: D:4-7

Altars:
Ashenzari
Makhleb
Sif Muna

Shops:
D:4 *

Annotations:
D:3 3 runed translucent doors, Grinder; Huckebein's ghost, weakling GrMo


Innate Abilities, Weirdness & Mutations

You have temporarily grown beastly horns.
((You are very nimble when in or above water. (Stealth+, EV+, Speed+++)))
Your lower body shifts to a powerful aquatic tail in water.


Message History

Found a stone staircase leading up.
An orc comes into view. It is wielding a +0 whip.
The hound bites you.
You open the door.
An adder comes into view.
The hound bites you.
The adder hisses angrily.
The adder barely misses you. The hound misses you.
There is an open door here.
You hit the adder.
The adder is lightly wounded.
The adder bites you but does no damage. The hound bites you but does no damage.
The adder closely misses you.
Casting: Beastly Appendage (safe; 4% risk of failure)
Confirm with . or Enter, or press ? or * to list all spells.
You grow a pair of large bovine horns.
Your +0 helmet melds into your body.
The hound bites you. The adder bites you but does no damage.
The hound bites you but does no damage.
You hit the adder. You headbutt the adder!
The adder is almost dead.
The adder completely misses you. The hound closely misses you.
You barely miss the adder.
The adder is almost dead.
The hound misses you. The adder bites you but does no damage.
The hound bites you. The adder barely misses you. The orc barely misses you.
You slash the adder!
You kill the adder!
The hound closely misses you. x2; The orc hits you with a +0 hand axe.
The orc priest miscasts a cantrip.
You see here an adder corpse.
The hound attacks as you move away! The hound barely misses you.
The hound bites you.
The hound pauses to sniff the ground.
The hound barely misses you.
The orc priest mumbles some strange prayers to Beogh against you.
Beogh smites you!
* * * LOW HITPOINT WARNING * * *
The orc priest mumbles some strange prayers to Beogh against you.
Beogh smites you!
You die...

#.#...#...≈.≈≈§≈≈§≈≈≈
..........≈.≈...§.≈_≈
...........≈§≈.≈.≈.≈.§
...........≈.§_§.≈.§§≈
...........≈.≈≈§.≈≈≈§≈
.#.#.###...§.....≈..§§ ......
..#.#.. #..§≈≈§§§≈≈.≈≈≈ ......
#..#.#.#####.§..........
......#+#..#...@......§.........
...........###h##<...)..........
.............#o##............>..
.........#.#.#o##...............
.........#.#.#†##...............
<......o>....#o##...............
########.#....o.#...............
#........#...##..........
#$#......#...##..........


You could see a hound, an orc priest and 3 orcs.

Vanquished Creatures
  A black bear (D:4)
  An orc priest (D:4)
  A sleepcap (D:5)
  Ijyb (D:3)
  An orc wizard (D:4)
  5 adders
  An adder skeleton (D:2)
  A worm (D:3)
  7 dart slugs
  6 orcs
  2 ball pythons (D:1)
  3 bat skeletons (D:2)
  4 endoplasms
  5 giant cockroaches
  11 goblins
  3 hobgoblins
  4 jackals (D:1)
  6 quokkas
  2 ball python skeletons (D:2)
  2 ball python zombies (D:2)
  5 bats
  3 frilled lizards
  8 kobolds
  A quokka skeleton (D:2)
  2 quokka zombies (D:2)
  6 rats
92 creatures vanquished.

Vanquished Creatures (others)
  2 plants (D:3)
  6 withered plants (D:2)
8 creatures vanquished.

Grand Total: 100 creatures vanquished

Notes
Turn   | Place    | Note
-------+----------+-------------------------------------------
     0 | D:1      | SnakkuSnakku7 the Merfolk Reaver began the quest for the
                  | Orb.
     0 | D:1      | Reached XP level 1. HP: 16/16 MP: 3/3
    94 | D:1      | Reached XP level 2. HP: 18/23 MP: 5/5
   313 | D:1      | Reached XP level 3. HP: 27/29 MP: 6/6
   485 | D:1      | Learned a level 1 spell: Beastly Appendage
   737 | D:1      | Reached skill level 1 in Transmutations
   896 | D:2      | Reached skill level 1 in Unarmed Combat
   986 | D:2      | Reached XP level 4. HP: 32/35 MP: 7/7
  1010 | D:2      | Reached skill level 2 in Transmutations
  1395 | D:2      | Found a faded altar of an unknown god.
  1553 | D:3      | Noticed Ijyb
  1599 | D:3      | Killed Ijyb
  1600 | D:3      | Reached skill level 3 in Transmutations
  1600 | D:3      | Reached XP level 5. HP: 14/41 MP: 8/8
  1748 | D:3      | Found a runed translucent gate.
  1750 | D:3      | Found a runed translucent gate.
  1751 | D:3      | Noticed Huckebein's ghost (weakling GrMo)
  2143 | D:3      | Noticed Grinder
  2296 | D:3      | Found a runed translucent gate.
  2487 | D:4      | Noticed a black bear
  2501 | D:4      | Killed a black bear
  2502 | D:4      | Reached skill level 4 in Transmutations
  2502 | D:4      | Reached XP level 6. HP: 44/47 MP: 9/9
  2589 | D:4      | Found Asuoju Meseo's Neck Hole.
  2705 | D:4      | Found a shimmering blue altar of Sif Muna.
  2965 | D:5      | Entered Level 5 of the Dungeon
  2965 | D:5      | Found a burning altar of Makhleb.
  3118 | D:5      | Found a broken altar of Ashenzari.
  3173 | D:5      | Reached skill level 5 in Transmutations
  3264 | D:5      | Killed from afar by an orc priest

Illustrated notes

Levels and vault maps discovered:
D:1:      matt_arrival_los_fun, layout_loops_corners, st_stairs_9,
          nicolae_kite_square_tiling_tiny, amcnicky_mini_pool_small, hex_medium
D:2:      layout_rooms, chequers_ecumenical_altar_grove, serial_undead,
          serial_undead_e, serial_undead_b, serial_undead_c, serial_undead_b,
          serial_undead_d, serial_undead_b, grunt_ministairs_13
D:3:      cheibrodos_old_hovel, layout_rooms, biasface_ghost_orc_armoury,
          uniq_grinder, uniq_ijyb
D:4:      layout_loops_ring, nicolae_sif_muna_condensation,
          nicolae_shop_sticking_my_neck_out
D:5:      layout_basic, mainiacjoe_overflow_catwalk_spiral,
          lemuel_temple_firewalk_a

Skill      XL: |  1  2  3  4  5  6 |
---------------+-------------------+-----
Long Blades    | 4 |  4.4
Fighting       | 3 |  3.2
Transmutations | 1 3 4 5 |  5.1
Unarmed Combat | 1 2 3 4 |  4.2
Dodging        | |  2.6
Spellcasting   | |  2.0
Conjurations   | |  2.4

Action                     |  1- 3 |  4- 6 || total
---------------------------+-------+-------++-------
  Melee: Falchion          |   155 |   243 ||   398
         Punch             |     3 |     4 ||     7
         Headbutt          |       |     9 ||     9
   Cast: Beastly Appendage |       |     8 ||     8
 Armour: Leather armour    |     3 |    46 ||    49
         Ring mail         |    69 |    66 ||   135
  Dodge: Dodged            |   103 |   166 ||   269
